 Dungeon Crawl Stone Soup version 0.32-a0-913-g739538afd8 (webtiles) character file.

Game seed: 2821274156936913958

167343 GeoRichter the Metamorph (level 17, -6/238 HPs)
             Began as a Green Draconian Wanderer on Apr 9, 2024.
             Was the Champion of Jiyva.
             Mangled by a swamp worm (18 damage)
             ... on level 4 of the Swamp.
             The game lasted 00:54:37 (26505 turns).

GeoRichter the Metamorph (DrWn)                    Turns: 26505, Time: 00:54:38

Health: -6/238     AC: 13    Str: 32    XL:     17   Next: 31%
Magic:  19/19      EV: 10    Int: 11    God:    Jiyva [******]
Gold:   567        SH:  0    Dex: 19    Spells: 16/16 levels left

rFire   + +          +
                       - Unarmed
rCold   + . .        (shield currently unavailable)
rNeg    . . .        (body armour unavailable)
rPois   +            (helmet currently unavailable)
rElec   +            (cloak currently unavailable)
rCorr   +            (gloves currently unavailable)
SInv    +            (boots currently unavailable)
Will    +....        R - amulet of regeneration
Stlth   ++           O - ring "Jifibb" {rF+ rC+ Str+6 Slay+2}
HPRegen 2.99/turn    l - ring "Neudow" {rPois rF+ rCorr}
MPRegen 0.96/turn

%: no passive effects
@: dragon-form, corroded, flying, studying Fighting
A: dragon claw, dragon scales, flying, boosted hp, noxious breath, AC +9, giant,
unfitting armour, stinger 1, (poison resistance), (cold-blooded), (horns 2), see
invisible, mutation resistance 1, (shaggy fur 1), (tendrils)
a: Noxious Breath, Begin Untransformation, Renounce Religion, Oozemancy, Slimify


You were on level 4 of the Swamp.
You worshipped Jiyva.
Jiyva was exalted by your worship.
You were a fearsome swamp dragon!
You visited 4 branches of the dungeon, and saw 26 of its levels.
You also visited: Gauntlet and Ice Cave.

You collected 2466 gold pieces.
You spent 1899 gold pieces at shops.

Inventory:

Jewellery
 l - the ring "Neudow" (right foreclaw) {rPois rF+ rCorr}
   (You found it on level 3 of the Lair of Beasts)

   [ring of protection from fire]

   rF+:       It protects you from fire.
   rPois:     It protects you from poison.
   rCorr:     It protects you from acid and corrosion.
 O - the ring "Jifibb" (left foreclaw) {rF+ rC+ Str+6 Slay+2}
   (You bought it in a shop on level 6 of the Dungeon)

   [ring of strength]

   Str+6:     It affects your strength (+6).
   Slay+2:    It affects your accuracy & damage with ranged weapons and melee
   (+2).
   rF+:       It protects you from fire.
   rC+:       It protects you from cold.
 R - an amulet of regeneration (around neck)
   (You found it on level 2 of the Lair of Beasts)
 W - the ring "Zimoum" {rPois rN+ Str-2 SInv}
   (You found it in a Gauntlet)

   [ring of positive energy]

   Str-2:     It affects your strength (-2).
   rPois:     It protects you from poison.
   rN+:       It protects you from negative energy.
   SInv:      It lets you see invisible.
Talismans
 H - the serpent talisman of Ytwaosuu {Int+4}
   (You found it on level 4 of the Swamp)

   [serpent talisman]

   Int+4:     It affects your intelligence (+4).
 I - the dragon-blood talisman "Agoef" (active) {rElec rF+ Stlth-}
   (You found it on level 3 of the Dungeon)

   [dragon-blood talisman]

   rF+:       It protects you from fire.
   rElec:     It insulates you from electricity.
   Stlth-:    It makes you less stealthy.
Wands
 c - a wand of digging (6)
   (You found it on level 3 of the Swamp)
 k - a wand of flame (32)
   (You took it off Maurice on level 9 of the Dungeon)
 s - a wand of acid (5)
   (You found it on level 4 of the Lair of Beasts)
 t - a wand of paralysis (32)
   (You found it on level 5 of the Dungeon)
 y - a wand of mindburst (9)
   (You found it on level 6 of the Dungeon)
 F - a wand of polymorph (19)
   (You found it on level 8 of the Dungeon)
 K - a wand of roots (22)
   (You found it on level 10 of the Dungeon)
Scrolls
 a - 8 scrolls of teleportation {@r4}
 d - 2 scrolls of blinking
 f - 5 scrolls of enchant weapon
 h - 3 scrolls of enchant armour
 j - 2 scrolls of fear
 o - 3 scrolls of amnesia
 p - 4 scrolls of poison
 v - 2 scrolls of noise {!r}
 x - a scroll of butterflies
 E - 2 scrolls of vulnerability {!r}
 S - a scroll of immolation {!r}
 T - a scroll of fog
Potions
 b - a potion of heal wounds {@q2}
 e - 3 potions of berserk rage
 g - 6 potions of curing {@q1}
 i - 2 potions of attraction {!q}
 q - 2 potions of magic
 r - 3 potions of might
 w - 2 potions of resistance
 z - 4 potions of haste {@q3}
 A - 2 potions of mutation {!q}
 C - 2 potions of lignification {!q}
 D - 3 potions of brilliance
 J - a potion of enlightenment
 L - 3 potions of ambrosia
 N - a potion of cancellation
Miscellaneous
 m - a phantom mirror (inert)
   (You found it in an ice cave)
 u - a tin of tremorstones (2/2)
   (You found it on level 4 of the Lair of Beasts)
 B - a lightning rod (4/4) {!a}
   (You found it on level 15 of the Dungeon)
 G - a Gell's gravitambourine (1/2)
   (You found it on level 15 of the Dungeon)
 P - a sack of spiders
   (You found it on level 5 of the Lair of Beasts)


   Skills:
 + Level 16.5 Fighting
 - Level 3.8 Long Blades
 - Level 5.8 Dodging
 - Level 3.0 Stealth
 - Level 5.0 Shields
 + Level 18.2 Unarmed Combat
 - Level 3.7 Invocations
 - Level 6.0 Evocations
 * Level 18.5 Shapeshifting


You had 16 spell levels left.
You didn't know any spells.
Your spell library contained the following spells:

 Spells                   Type           Power      Damage    Failure   Level
 Apportation              Tloc           0%         N/A       34%         1
 Freeze                   Ice            0%         1d3       34%         1
 Magic Dart               Conj           0%         1d3       34%         1
 Necrotise                Necr           0%         1d4       34%         1
 Sting                    Conj/Alch      0%         1d3       34%         1
 Summon Small Mammal      Summ           0%         N/A       34%         1
 Blink                    Tloc           0%         N/A       47%         2
 Call Imp                 Summ           0%         N/A       47%         2
 Cigotuvi's Dreadful Rot  Necr/Alch/Air  0%         N/A       47%         2
 Ensorcelled Hibernation  Hex/Ice        0%         N/A       47%         2
 Jinxbite                 Hex            0%         N/A       47%         2
 Lesser Beckoning         Tloc           0%         N/A       47%         2
 Momentum Strike          Conj/Tloc      0%         3d8       47%         2
 Searing Ray              Conj           0%         2d4       47%         2
 Dazzling Flash           Conj/Hex       0%         N/A       71%         3
 Frozen Ramparts          Ice            0%         1d1       71%         3
 Fugue of the Fallen      Necr           0%         N/A       71%         3
 Hailstorm                Conj/Ice       0%         3d5       71%         3
 Inner Flame              Hex/Fire       0%         N/A       71%         3
 Mephitic Cloud           Conj/Alch/Air  0%         N/A       71%         3
 Passwall                 Erth           0%         N/A       71%         3
 Sigil of Binding         Hex            0%         N/A       71%         3
 Swiftness                Air            0%         N/A       71%         3
 Vampiric Draining        Necr           0%         2d6       71%         3
 Volatile Blastmotes      Fire/Tloc      0%         2d10      71%         3
 Anguish                  Hex/Necr       0%         N/A       98%         4
 Dispel Undead            Necr           0%         3d6       98%         4
 Fulminant Prism          Conj/Alch      0%         3d5       98%         4
 Ignite Poison            Fire/Alch      0%         N/A       98%         4
 Iskenderun's Mystic Bla Conj/Tloc 0%             2d3        (+2d1     98%         4
 Martyr's Knell           Necr/Summ      0%         N/A       98%         4
 Vhi's Electric Charge    Tloc/Air       0%         N/A       98%         4
 Alistair's Intoxication  Alch           0%         N/A       100%        5
 Curse of Agony           Necr           0%         N/A       100%        5
 Freezing Cloud           Conj/Ice/Air   0%         6-21      100%        5
 Irradiate                Conj/Alch      0%         3d11      100%        5
 Silence                  Hex/Air        0%         N/A       100%        5
 Yara's Violent Unravell  Hex/Alch       0%         3d3       100%        5
 Bombard                  Conj/Erth      0%         9d1       100%        6
 Death Channel            Necr           0%         N/A       100%        6
 Sculpt Simulacrum        Ice/Alch       0%         N/A       100%        6
 Enfeeble                 Hex            0%         N/A       100%        7
 Ignition                 Fire           0%         3d3       100%        8


Dungeon Overview and Level Annotations

Branches:
Dungeon (15/15) Zot: 25926  Temple (0/1) D:5            Lair (5/5) D:9 Zot: 23014
  Swamp (4/4) Lair:2 Zot: 21849  Spider (0/4) Lair:3        Slime (0/5) Lair:4
    Orc (2/2) D:12 Zot: 10761     Elf (0/3) Orc:2        Vaults (0/5) D:14
 Depths (0/4) D:15          IceCv (visited)         Gauntlet (visited)

Altars:
Ashenzari
Elyvilon
Fedhas
Gozag
Okawaru
The Shining One
Beogh
Jiyva

Shops:
D:1 ?   D:5 :   D:6 :!=   D:15 :   Orc:2 *(:[

Annotations:
D:5 3 runed translucent doors, mertasd123's ghost, novice FoFi
D:7 1 runed translucent door, anet's ghost, novice MDCj
D:8 3 runed translucent doors
Lair:3 2 transporters, exclusion: ice statue, mertasd123's ghost, journeyman BaHu


Innate Abilities, Weirdness & Mutations

You are a fearsome swamp dragon!
You have a powerful clawing attack.
Your giant scaled body is strong and resilient, but less evasive.
Your breath weapon is enhanced in this form.
You are flying.
Your maximum health is greatly increased.
Your armour is entirely melded.
You are incapable of wielding weapons or throwing items.
You can breathe blasts of noxious fumes.
Your lurid green scales are hard. (AC +9)
You cannot fit into any form of body armour.
Your tail ends in a venomous barb.
((Your system is resistant to poisons. (rPois)))
((You are cold-blooded and may be slowed by cold attacks.))
((You have a pair of horns on your head.))
You have supernaturally acute eyesight. (SInv)
You are somewhat resistant to further mutation.
((You are covered in fur. (AC +1)))
((You are covered in slimy tendrils that may disarm your opponents.))


Message History

* * * LOW HITPOINT WARNING * * *
You barely miss the swamp worm. The swamp worm bites you.
* * * LOW HITPOINT WARNING * * *
The swamp worm bites you but does no damage.
The goliath frog closely misses you. The swamp worm barely misses you.
The thorn hunter hits the briar patch!!
The briar patch is destroyed!
You maul the swamp worm!!!
You kill the swamp worm!
The goliath frog hits you from afar.
* * * LOW HITPOINT WARNING * * *
You are splashed with acid.
You resist.
* * * LOW HITPOINT WARNING * * *
You maul the alligator!!!
You kill the alligator!
The swamp worm bites you.
* * * LOW HITPOINT WARNING * * *
The eleionoma hurls a spray of splinters at you.
The spray of wooden splinters hits you!!
* * * LOW HITPOINT WARNING * * *
The goliath frog hits you but does no damage.
You closely miss the thorn hunter. You tail-slap the thorn hunter.
The thorn hunter is poisoned.
The thorn hunter is lightly damaged.
The thorn hunter hits you.
* * * LOW HITPOINT WARNING * * *
The thorn hunter hits you.
* * * LOW HITPOINT WARNING * * *
The swamp worm bites you but does no damage.
The eleionoma splashes around in the water.
You bite the thorn hunter!! Your bite misses the thorn hunter.
The thorn hunter is moderately damaged.
The goliath frog hits you from afar!!
* * * LOW HITPOINT WARNING * * *
You are splashed with acid.
You resist.
* * * LOW HITPOINT WARNING * * *
The thorn hunter hits you but does no damage. x2
The swamp worm barely misses you.
You hit the thorn hunter. You bite the thorn hunter.
The thorn hunter is moderately damaged.
The eleionoma splashes around in the water.
The goliath frog hits you from afar!
* * * LOW HITPOINT WARNING * * *
The acid corrodes you!
You are splashed with acid.
You resist.
* * * LOW HITPOINT WARNING * * *
The eleionoma barely misses you. The thorn hunter hits you!
* * * LOW HITPOINT WARNING * * *
The thorn hunter barely misses you. The swamp worm bites you!!
You die...
Jiyva sends a jelly to digest your remains.

♣.~♣♣♣♣~..~...~~~~♣
♣♣♣~.~.♣♣~..~~~~~~~.♣
♣.~~..~♣♣♣..♣..~~~~.~
♣~......♣..♣♣♣♣~.§~~.
♣?..~.~♣♣♣♣♣♣♣~~~~~~.
♣.~§~~P~♣ ♣.§~~§~~~~
♣§....P.♣♣♣♣.~~~~~~~~
♣.PPfPF.♣♣~~.~~...[§~
♣..†DRw~♣...~§~~♣♣..~
♣♣♣♣wR.....~~~~♣♣ ♣~~
♣♣...~.♣~~~.♣ ♣♣
♣...§~♣~~~.♣
♣~.~...♣~~~.♣


♣~PPPPPPP..♣♣ ♣~PP♣PP♣♣♣♣♣ ♣♣.♣.... ♣♣ ...♣♣ You could see a thorn hunter
(poisoned), 2 eleionomae, a goliath frog and 2 swamp worms.

Vanquished Creatures
  A tentacled monstrosity (Swamp:4)
  Mlioglotl (Swamp:4)
  Gastronok (D:9)
  Kirke (D:13)
  Donald (Swamp:2)
  A fenstrider witch (Swamp:2)
  A thorn hunter (Swamp:2)
  An orc warlord (Orc:2)
  A ghoul (Swamp:2)
  Nessos (Lair:5)
  6 eleionomae
  A minotaur (Gauntlet)
  A dire elephant (D:15)
  4 bunyips
  Josephine (Lair:4)
  A green death (Gauntlet)
  A shambling mangrove (Swamp:3)
  A vault guard (D:14)
  8 ghost crabs
  An ogre mage (Orc:2)
  A death knight (D:15)
  3 catoblepae
  Erica (D:8)
  17 hydras
  8 alligators
  10 two-headed ogres
  An anaconda (Lair:5)
  3 boulder beetles
  4 centaur warriors
  A tengu warrior (D:13)
  7 death yaks (Lair:5)
  A hell hog (Lair:5)
  A death scarab (Gauntlet)
  An orc high priest (Orc:2)
  4 skeletal warriors (D:14)
  3 goliath frogs
  2 skysharks
  Lodul (D:11)
  3 spriggan druids
  11 swamp dragons
  8 bog bodies
  2 lindwurms (Lair:5)
  2 deep elf pyromancers
  3 orc knights (Orc:2)
  2 thermic dynamos (D:15)
  Pikel (D:5)
  An orange crystal statue (D:15)
  An obsidian bat (Orc:2)
  2 wolf spiders (D:15)
  3 will-o-the-wisps
  4 manticores
  7 ugly things
  Maurice (D:9)
  A salamander (D:15)
  6 cyclopes
  2 orc sorcerers (Orc:2)
  A meliai (shapeshifter) (D:13)
  20 elephants (Lair:5)
  3 ice statues (IceCv)
  6 black mambas
  4 kobold blastminers (Orc:2)
  3 torpor snails (Lair:5)
  3 gargoyles
  12 cane toads
  2 unseen horrors
  3 rime drakes
  11 komodo dragons
  2 kobold demonologists
  2 freezing wraiths
  A tengu conjurer (D:13)
  An anaconda simulacrum (IceCv)
  A queen bee (D:10)
  8 trolls
  10 polar bears
  8 hornets
  A bloated husk (Swamp:3)
  5 tyrant leeches
  2 raiju (Lair:5)
  23 blink frogs
  A jumping spider (Lair:3)
  3 dream sheep
  Sigmund (D:3)
  A spectral black mamba (Gauntlet)
  A yak (shapeshifter) (D:10)
  7 spriggans
  A water elemental (D:14)
  A vampire (D:11)
  4 hogs (D:13)
  7 wyverns
  3 shadows (Gauntlet)
  7 wraiths
  37 yaks
  2 basilisks (Lair:5)
  3 steam dragons
  5 wargs
  29 vampire mosquitoes
  Edmund (D:5)
  26 swamp worms
  A redback (Lair:3)
  2 acid dragons
  2 harpy simulacra (IceCv)
  15 hell hounds (Lair:5)
  A hydra simulacrum (IceCv)
  15 water moccasins
  2 sky beasts
  9 swamp drakes
  2 ice beasts
  24 orc warriors
  15 black bears
  16 ogres
  26 wolves
  12 centaurs
  2 phantoms
  A lemure (D:5)
  7 kobold brigands
  Blork the orc (D:6)
  15 bullfrogs
  A gnoll sergeant (D:6)
  A scorpion (D:7)
  2 cane toad simulacra (IceCv)
  13 wights
  An elephant simulacrum (IceCv)
  35 killer bees (D:10)
  5 electric eels
  4 lava snakes (Lair:4)
  A bombardier beetle (D:6)
  7 jellies
  15 orc priests
  4 hounds
  An iguana (D:4)
  A sleepcap (D:5)
  13 orc wizards
  8 hell rats (Lair:5)
  A polar bear simulacrum (IceCv)
  A wolf simulacrum (IceCv)
  Robin (D:3)
  19 gnolls
  10 adders
  2 shadow imps
  13 white imps
  A dart slug (D:3)
  37 orcs
  4 ball pythons
  7 endoplasms
  3 giant cockroaches
  16 goblins
  10 hobgoblins
  6 quokkas
  7 bats
  A frilled lizard (D:3)
  14 kobolds
  8 rats
877 creatures vanquished.

Vanquished Creatures (collateral kills)
  the Lernaean hydra (Swamp:4)
  Agnes (D:15)
  A hornet (Swamp:1)
3 creatures vanquished.

Vanquished Creatures (others)
  An acid blob (Swamp:4)
  A great orb of eyes (D:15)
  A spriggan (Swamp:4)
  The ghost of Pascal76 the Cleaver, a novice MiFi of Okawaru (D:8)
  A spriggan druid (Swamp:3)
  A bog body (Swamp:2)
  5 bloated husks
  A blink frog (Lair:5)
  A hornet (Swamp:4)
  A slime creature (Swamp:4)
  A human (D:13)
  A boggart (D:15)
  53 jellies
  2 orc priests
  3 orc wizards
  A white imp (D:13)
  4 orcs
  2 foxfires (Swamp:3)
81 creatures vanquished.

Grand Total: 961 creatures vanquished

Notes
Turn   | Place    | Note
-------+----------+-------------------------------------------
     0 | D:1      | GeoRichter the Draconian Wanderer began the quest for the
                  | Orb.
     0 | D:1      | GeoRichter set off with the following items: a +0 falchion,
                  | a +2 pair of gloves, a wand of polymorph (7), a scroll of
                  | blinking.
     0 | D:1      | Reached XP level 1. HP: 17/17 MP: 1/1
     2 | D:1      | Noticed a spriggan
     2 | D:1      | Noticed a demonspawn
     4 | D:1      | Noticed a draconian
     6 | D:1      | Noticed a gargoyle
     6 | D:1      | Noticed an octopode
     8 | D:1      | Noticed a djinni
    10 | D:1      | Noticed a demigod
    10 | D:1      | Noticed an oni
    12 | D:1      | Noticed a vine stalker
    12 | D:1      | Noticed a ghoul
    14 | D:1      | Noticed a barachi
    14 | D:1      | Noticed a troll
    16 | D:1      | Noticed a dwarf
    16 | D:1      | Noticed an armataur
    18 | D:1      | Noticed a formicid
    20 | D:1      | Noticed a minotaur
    20 | D:1      | Noticed a merfolk
    22 | D:1      | Noticed a tengu
    22 | D:1      | Noticed a naga
    24 | D:1      | Noticed an elf
    24 | D:1      | Noticed a felid
    26 | D:1      | Noticed a vampire
    28 | D:1      | Noticed a human
    50 | D:1      | Found Puvyxeps's Magic Scroll Boutique.
   190 | D:1      | Reached XP level 2. HP: 21/24 MP: 2/2
   544 | D:1      | Found a faded altar of an unknown god.
   559 | D:1      | Prayed at the altar of an unknown god.
   559 | D:1      | Became a worshipper of the Shining One
   559 | D:1      | Reached * piety under the Shining One
   818 | D:2      | Reached XP level 3. HP: 29/29 MP: 3/3
  1062 | D:2      | Found a blossoming altar of Fedhas.
  1333 | D:3      | Identified the dragon-blood talisman "Agoef" {rElec rF+
                  | Stlth-}
  1458 | D:3      | Reached XP level 4. HP: 33/36 MP: 4/4
  1577 | D:3      | Reached skill level 1 in Unarmed Combat
  1842 | D:3      | Noticed Sigmund
  1874 | D:3      | Killed Sigmund
  1875 | D:3      | Reached XP level 5. HP: 40/41 MP: 5/5
  1966 | D:3      | Noticed Robin
  1983 | D:3      | Reached XP level 6. HP: 48/48 MP: 6/6
  2012 | D:3      | Killed Robin
  2368 | D:3      | an ogre changed into a sky beast
  2368 | D:3      | Noticed a sky beast
  2378 | D:3      | Noticed a steam dragon
  2532 | D:3      | Found a faded altar of an unknown god.
  2535 | D:3      | Found a white marble altar of Elyvilon.
  2629 | D:4      | Reached skill level 5 in Unarmed Combat
  3382 | D:5      | Entered Level 5 of the Dungeon
  3382 | D:5      | Found Qiost's Self-Improvement Boutique.
  3386 | D:5      | Noticed an ice beast
  3386 | D:5      | Reached ** piety under the Shining One
  3475 | D:4      | Killed an ice beast
  3476 | D:4      | Your scales start taking on a lurid green colour.
  3476 | D:4      | Reached XP level 7. HP: 24/55 MP: 7/7
  3476 | D:4      | Gained mutation: Your system is resistant to poisons.
                  | (rPois) [Green Draconian growth]
  3844 | D:5      | Found a staircase to the Ecumenical Temple.
  3844 | D:5      | Noticed Edmund
  4067 | D:5      | Killed Edmund
  4789 | D:5      | Noticed Pikel
  4842 | D:5      | HP: 2/55 [Pikel/+2 whip of flaming (2)]
  4843 | D:5      | Killed Pikel
  4844 | D:5      | Reached XP level 8. HP: 2/61 MP: 8/8
  5228 | D:5      | Found a runed translucent gate.
  5229 | D:5      | Found a runed translucent gate.
  5229 | D:5      | Noticed mertasd123's ghost (novice FoFi)
  5230 | D:5      | Found a runed translucent gate.
  5498 | D:6      | Found Castied's Distillery.
  5505 | D:6      | Found Cufeu's Book Emporium.
  5520 | D:6      | Bought a potion of resistance for 100 gold pieces
  5520 | D:6      | Bought a potion of might for 40 gold pieces
  5779 | D:6      | Found an opulent altar of Gozag.
  5855 | D:6      | Noticed Blork the orc
  5867 | D:6      | Killed Blork the orc
  5911 | D:6      | Found Zaun's Jewellery Emporium.
  5933 | D:6      | Reached skill level 10 in Unarmed Combat
  6246 | D:6      | Reached XP level 9. HP: 57/69 MP: 9/9
  7179 | D:7      | Found a runed translucent door.
  7179 | D:7      | Noticed anet's ghost (novice MDCj)
  7439 | D:8      | Identified the +1 scale mail of the Comet {-Tele Harm rPois
                  | Str+3}
  7454 | D:8      | Reached *** piety under the Shining One
  7544 | D:8      | Reached skill level 5 in Fighting
  7578 | D:8      | Reached XP level 10. HP: 40/83 MP: 10/10
  7753 | D:8      | Found a runed translucent gate.
  7753 | D:8      | Found a runed translucent gate.
  7753 | D:8      | Found a runed translucent gate.
  7777 | D:8      | Found a viscous altar of Jiyva.
  7777 | D:8      | Noticed Pascal76's ghost (novice MiFi)
  8120 | D:8      | Noticed Erica
  8129 | D:8      | Paralysed by Erica for 5 turns
  8137 | D:8      | Paralysed by Erica for 2 turns
  8145 | D:8      | Killed Erica
  8474 | D:8      | Reached **** piety under the Shining One
  8918 | D:9      | Noticed Gastronok
  9051 | D:9      | Killed Gastronok
  9220 | D:9      | Reached XP level 11. HP: 86/95 MP: 11/11
  9270 | D:9      | Found a staircase to the Lair.
  9427 | D:9      | Noticed Maurice
  9427 | D:9      | Noticed a two-headed ogre
  9442 | D:9      | Killed a two-headed ogre
  9443 | D:9      | Reached skill level 1 in Shapeshifting
  9444 | D:9      | Maurice stole the dragon-blood talisman "Agoef" {rElec rF+
                  | Stlth-}
  9447 | D:9      | Killed Maurice
  9710 | D:10     | Entered Level 10 of the Dungeon
  9846 | D:10     | Found an iron altar of Okawaru.
  9931 | D:10     | Noticed a two-headed ogre
  9937 | D:10     | Killed a two-headed ogre
 10178 | D:10     | Reached ***** piety under the Shining One
 10203 | D:10     | Reached skill level 15 in Unarmed Combat
 10545 | D:9      | Identified the +0 kite shield of the Snail {*Slow Str+2
                  | Dex+6 Slay+6}
 10587 | Lair:1   | Entered Level 1 of the Lair of Beasts
 10972 | Lair:1   | Identified the +2 cloak of Jeaz {rCorr Str+3}
 11113 | Lair:1   | Reached skill level 10 in Fighting
 11867 | Lair:2   | Found a staircase to the Swamp.
 11880 | Lair:2   | Reached XP level 12. HP: 96/106 MP: 12/12
 12699 | Lair:3   | Found a hole to the Spider Nest.
 12769 | Lair:3   | Reached skill level 5 in Shapeshifting
 12783 | Lair:3   | Noticed an eight-headed hydra
 12789 | Lair:3   | Killed an eight-headed hydra
 12790 | Lair:3   | Reached skill level 1 in Shields
 13036 | Lair:3   | Noticed a catoblepas
 13049 | Lair:3   | Killed a catoblepas
 13454 | Lair:3   | Found a transporter.
 13486 | Lair:3   | Noticed mertasd123's ghost (journeyman BaHu)
 13558 | Lair:3   | Identified the ring "Neudow" {rPois rF+ rCorr}
 13747 | Lair:3   | Reached skill level 5 in Shields
 13775 | Lair:3   | Found a transporter.
 14245 | Lair:4   | Noticed Josephine
 14257 | Lair:4   | Killed Josephine
 14268 | Lair:4   | Found a viscous altar of Jiyva.
 14270 | Lair:4   | Found a staircase to the Slime Pits.
 14351 | Lair:4   | Reached XP level 13. HP: 81/114 MP: 13/15
 14680 | Lair:4   | Fell from the grace of the Shining One
 14680 | Lair:4   | Became a worshipper of Jiyva Jonanor the Shapeless
 15083 | Lair:4   | Reached skill level 10 in Shapeshifting
 15508 | Lair:5   | Entered Level 5 of the Lair of Beasts
 15599 | Lair:5   | Reached * piety under Jiyva
 15982 | Lair:5   | Noticed Nessos
 16194 | Lair:5   | Killed Nessos
 16195 | Lair:5   | Gained mutation: Your tail ends in a venomous barb. [Green
                  | Draconian growth]
 16195 | Lair:5   | Reached XP level 14. HP: 46/122 MP: 16/16
 16511 | D:8      | Killed Pascal76's ghost
 16550 | D:6      | Bought the ring "Jifibb" {rF+ rC+ Str+6 Slay+2} for 719
                  | gold pieces
 16964 | Lair:5   | Identified the +11 war axe "Urphyuph" {holy, rF+ rCorr}
 17066 | Lair:5   | Reached ** piety under Jiyva
 17238 | Lair:5   | Reached skill level 15 in Shapeshifting
 17787 | D:10     | Identified the +3 orcbow "Ipsicrum" {flame, rPois}
 18066 | D:11     | Noticed Lodul
 18083 | D:11     | Killed Lodul
 18370 | D:11     | Found a gate leading to a gauntlet.
 18379 | Gauntlet | Entered a Gauntlet
 18379 | Gauntlet | Found a transporter.
 18379 | Gauntlet | Reached *** piety under Jiyva
 18379 | Gauntlet | Found a transporter.
 18396 | Gauntlet | Found a transporter.
 18398 | Gauntlet | Found a transporter.
 18405 | Gauntlet | Found a runed translucent door.
 18407 | Gauntlet | Found a transporter.
 18411 | Gauntlet | Found a transporter.
 18419 | Gauntlet | Found a transporter.
 18438 | Gauntlet | Found a transporter.
 18455 | Gauntlet | Found a transporter.
 18459 | Gauntlet | Found a transporter.
 18467 | Gauntlet | Found a transporter.
 18472 | Gauntlet | Found a transporter.
 18529 | Gauntlet | Identified the +3 morningstar of the Ecumenical Temple
                  | {flame, Dex+4}
 18554 | Gauntlet | Reached XP level 15. HP: 128/128 MP: 17/17
 18591 | Gauntlet | Identified the +1 cloak of Jigsaw {rC+ rCorr}
 18629 | Gauntlet | Identified the quicksilver dragon scales "Naytilest"
                  | {^Contam rC+ rN+ Will+ Slay+4}
 18652 | Gauntlet | Identified the ring "Zimoum" {rPois rN+ Str-2 SInv}
 18707 | D:11     | Gained mutation: You are covered in fur. (AC +1) [Jiyva's
                  | grace]
 18707 | D:11     | Gained mutation: You are covered in thick fur. (AC +2)
                  | [Jiyva's grace]
 18707 | D:11     | Gained mutation: Your thick and shaggy fur keeps you warm.
                  | (AC +3, rC+) [Jiyva's grace]
 18707 | D:11     | Gained mutation: Armour fits poorly on your pseudopods.
                  | [Jiyva's grace]
 19078 | D:12     | Found a staircase to the Orcish Mines.
 19085 | D:12     | Found a roughly hewn altar of Beogh.
 19185 | D:12     | Reached **** piety under Jiyva
 19905 | Orc:1    | Entered Level 1 of the Orcish Mines
 19990 | Orc:1    | Reached ***** piety under Jiyva
 20141 | Orc:2    | Entered Level 2 of the Orcish Mines
 20459 | Orc:1    | Lost mutation: Your thick and shaggy fur keeps you warm.
                  | (AC +3, rC+) [Jiyva's grace]
 20459 | Orc:1    | Lost mutation: You are covered in thick fur. (AC +2)
                  | [Jiyva's grace]
 20459 | Orc:1    | Lost mutation: Armour fits poorly on your pseudopods.
                  | [Jiyva's grace]
 20459 | Orc:1    | Gained mutation: You have a small jelly attached to you
                  | that may absorb projectiles. [Jiyva's grace]
 20459 | Orc:1    | Gained mutation: You have a pair of small horns on your
                  | head. [Jiyva's grace]
 20459 | Orc:1    | Gained mutation: You have a pair of horns on your head.
                  | [Jiyva's grace]
 20459 | Orc:1    | Gained mutation: You have a pair of large horns on your
                  | head. [Jiyva's grace]
 20570 | Orc:2    | Found a staircase to the Elven Halls.
 20681 | Orc:2    | Reached skill level 5 in Evocations
 20761 | Orc:2    | Found a roughly hewn altar of Beogh.
 20773 | Orc:2    | Found Xeagoner's Antique Armour Emporium.
 20791 | Orc:2    | Found Orim's Book Emporium.
 20813 | Orc:2    | Found Mugumauz's General Store.
 20885 | Orc:2    | Found Nazamnos's Antique Weapon Emporium.
 21384 | D:5      | Bought a manual of Fighting for 1040 gold pieces
 21695 | D:13     | Identified the +2 robe of the Foremost Spirits {rN+ Stlth+}
 21737 | D:13     | Reached ****** piety under Jiyva
 21756 | D:13     | Noticed Kirke
 21766 | D:13     | Killed Kirke
 21816 | D:13     | Found a frozen archway.
 21823 | IceCv    | Entered an ice cave
 21840 | IceCv    | Found the +4 skin of Zhor {*Englaciate rC+++ SInv}
 22516 | D:14     | Found a gate to the Vaults.
 22843 | D:14     | Lost mutation: You have a small jelly attached to you that
                  | may absorb projectiles. [Jiyva's grace]
 22843 | D:14     | Gained mutation: Your tail ends in a sharp venomous barb.
                  | [Jiyva's grace]
 22843 | D:14     | Gained mutation: Your tail ends in a wickedly sharp and
                  | venomous barb. [Jiyva's grace]
 22843 | D:14     | Gained mutation: You are covered in slimy tendrils that may
                  | disarm your opponents. [Jiyva's grace]
 22843 | D:14     | Gained mutation: Your body has grown eyes which may confuse
                  | attackers. (Acc +3) [Jiyva's grace]
 23123 | D:15     | Entered Level 15 of the Dungeon
 23138 | D:15     | Found a broken altar of Ashenzari.
 23228 | D:15     | Reached XP level 16. HP: 143/143 MP: 18/18
 23272 | D:15     | Found a staircase to the Depths.
 23313 | D:15     | Identified the +2 leather armour "Calec" {rElec rC+ Will+
                  | Dex-2}
 23328 | D:15     | Found a runed translucent door.
 23593 | D:15     | Noticed Agnes
 23601 | D:15     | Killed Agnes
 23602 | D:15     | Reached skill level 5 in Dodging
 23750 | D:15     | Found Gal Bib's Book Shoppe.
 24274 | Swamp:1  | Entered Level 1 of the Swamp
 24291 | Swamp:1  | Identified the +3 great sword of Makhleb's Displeasure
                  | {freeze, +Blink Dex+5}
 24760 | Swamp:1  | Lost mutation: You have a pair of large horns on your head.
                  | [Jiyva's grace]
 24760 | Swamp:1  | Lost mutation: Your tail ends in a wickedly sharp and
                  | venomous barb. [Jiyva's grace]
 24760 | Swamp:1  | Lost mutation: Your tail ends in a sharp venomous barb.
                  | [Jiyva's grace]
 24760 | Swamp:1  | Lost mutation: Your body has grown eyes which may confuse
                  | attackers. (Acc +3) [Jiyva's grace]
 24760 | Swamp:1  | Gained mutation: You have supernaturally acute eyesight.
                  | (SInv) [Jiyva's grace]
 24760 | Swamp:1  | Gained mutation: You have hidden genetic potential.
                  | [Jiyva's grace]
 24760 | Swamp:1  | Gained mutation: You have great hidden genetic potential.
                  | [Jiyva's grace]
 24760 | Swamp:1  | Lost mutation: You have great hidden genetic potential.
                  | [Jiyva's grace]
 24760 | Swamp:1  | Lost mutation: You have hidden genetic potential. [Jiyva's
                  | grace]
 24760 | Swamp:1  | Gained mutation: You are somewhat resistant to further
                  | mutation. [Jiyva's grace]
 25008 | Swamp:2  | Noticed a thorn hunter
 25016 | Swamp:2  | Killed a thorn hunter
 25085 | Swamp:2  | Paralysed by a fenstrider witch for 2 turns
 25200 | Swamp:2  | Noticed Donald
 25214 | Swamp:2  | Killed Donald
 25341 | Swamp:2  | Reached skill level 15 in Fighting
 25814 | Swamp:3  | Identified the +1 quarterstaff of the Magi {vamp, rPois
                  | rC+}
 26133 | Swamp:4  | Entered Level 4 of the Swamp
 26133 | Swamp:4  | Noticed Mlioglotl
 26150 | Swamp:4  | Killed Mlioglotl
 26183 | Swamp:4  | Identified the serpent talisman of Ytwaosuu {Int+4}
 26183 | Swamp:4  | Noticed Aizul
 26196 | Swamp:4  | Slimified Aizul
 26196 | Swamp:4  | Aizul changed into Aizul the acid blob
 26196 | Swamp:4  | Noticed Aizul
 26234 | Swamp:4  | Killed Aizul the acid blob
 26248 | Swamp:4  | Reached XP level 17. HP: 145/155 MP: 19/19
 26274 | Swamp:4  | Noticed a tentacled monstrosity
 26280 | Swamp:4  | Killed a tentacled monstrosity
 26355 | Swamp:4  | Noticed the 27-headed Lernaean hydra
 26391 | Swamp:4  | Killed the 27-headed Lernaean hydra
 26505 | Swamp:4  | Mangled by a swamp worm

Illustrated notes

Levels and vault maps discovered:
D:1:      kb_arrival_jail, layout_basic, serial_shops, nicolae_shop_stone,
          hellmonk_ecumenical_altar_pennies_from_heaven
D:2:      wad_woods_stonehenge, layout_basic
D:3:      minmay_angry_zag, layout_rooms, nicolae_overflow_ecumenical_swirl,
          uniq_robin, uniq_sigmund
D:4:      layout_basic
D:5:      layout_gridville, temple_doors_ab, gammafunk_ghost_nasty_kobolds,
          nicolae_shop_self_help, uniq_edmund, uniq_pikel
D:6:      layout_gridville, grunt_gozag_statues, serial_shops,
          nicolae_diamond_shop, nicolae_book_shop_shelving,
          nicolae_shop_tiny_glass, uniq_blork_the_orc, uniq_crazy_yiuf_cottage
D:7:      layout_basic, gammafunk_ghost_grave
D:8:      kennysheep_ambush_hall, layout_basic, gammafunk_ghost_ooze, uniq_erica
D:9:      layout_basic, due_lair_maze_entry_diamond, uniq_maurice,
          uniq_gastronok
D:10:     layout_roguey [special_room_bee], general_overflow_altar,
          evilmike_minifort
D:11:     layout_irregular_city, gauntlet_entry_generic, uniq_lodul
D:12:     layout_loops_corners, minmay_orc_entry_temple_small, serial_rivers,
          chequers_serial_rivers_small_b, chequers_serial_rivers_micro_b,
          chequers_serial_rivers_room_b, chequers_serial_rivers_micro_a,
          chequers_serial_rivers_small_b
D:13:     layout_loops_ring, portal_ice_cave_entry_imps, uniq_kirke
D:14:     layout_irregular_city, hellmonk_vaults_order_and_chaos,
          serial_bayou_ford_a, solitary_fountain, grunt_decor_fettered,
          drop_trap
D:15:     hangedman_depths_entry_try_elsewhere_first, layout_gridville,
          serial_shops, nicolae_shop_trees, nicolae_ashenzari_panopticon,
          minmay_crystal_box, uniq_agnes
Lair:1:   layout_small_grid, beast_lair_carwin_4, grunt_megastairs_4
Lair:2:   layout_layer_cave, minmay_swamp_entry_swarm,
          infiniplex_staircase_pool_2, lemuel_fruit_fields
Lair:3:   layout_cave_pods, spider_nest_entry_a, nzn_ghost_randoct,
          nzn_random_ring
Lair:4:   onia_ninara_swampy_vault, layout_regular_city, slime_entry_2,
          nicolae_lair_liquid_snakes, uniq_josephine
Lair:5:   hangedman_lair_caniforms_friends, layout_regular_city,
          hangedman_lair_in_review, pond, uniq_nessos
Swamp:1:  layout_basic_swamp, nicolae_swamp_tree_isthmus
Swamp:2:  layout_falls_marsh, evilmike_swamp_ruin_house_3, swamp_pool_3,
          st_shrine_of_shade, uniq_donald
Swamp:3:  layout_basic_swamp, evilmike_swamp_ruin_rubble_2
Swamp:4:  swamp_old_school, layout_basic_swamp, swamp_pool_1_2,
          nicolae_swamp_no_escape, uniq_mlioglotl, uniq_aizul, uniq_louise
Orc:1:    layout_caves
Orc:2:    grunt_orc_cross, layout_diamond_mine

Skill      XL: |  1  2  3  4  5  6  7  8  9 10 11 12 13 14 15 16 17 |
---------------+----------------------------------------------------+-----
Long Blades    | 2 3 |  3.8
Unarmed Combat | 4 6 9 10 12 14 15 16 17 18 | 18.2
Stealth        | 3 |  3.0
Fighting       | 3 6 8 10 13 15 16 | 16.5
Shapeshifting  | 4 8 13 16 18 | 18.5
Shields        | 5 |  5.0
Invocations    | 2 3 |  3.7
Dodging        | 3 4 5 |  5.8
Evocations     | 6 |  6.0

Action                     |  1- 3 |  4- 6 |  7- 9 | 10-12 | 13-15 | 16-18 || total
---------------------------+-------+-------+-------+-------+-------+-------++-------
  Melee: Falchion          |    81 |   103 |       |       |       |       ||   184
         Tailslap          |    15 |    28 |    69 |   104 |   205 |    69 ||   490
         Unarmed           |       |    52 |   305 |   505 |  1014 |   350 ||  2226
         Punch             |       |     3 |    23 |    28 |    44 |    43 ||   141
         Bite              |       |       |       |       |    48 |    53 ||   101
  Throw: Javelin           |       |       |       |       |     2 |       ||     2
 Invoke: Divine Shield     |       |       |       |     1 |       |       ||     1
         Slimify           |       |       |       |       |       |     2 ||     2
Ability: Noxious Breath    |       |       |       |       |     3 |     3 ||     6
  Evoke: Wand              |       |     4 |     3 |    11 |    13 |     2 ||    33
         Phantom mirror    |       |       |       |       |       |     2 ||     2
         Gell's gravitambo |       |       |       |       |       |     1 ||     1
    Use: Scroll            |       |     4 |     2 |    16 |    10 |     2 ||    34
         Potion            |       |     2 |       |     2 |     3 |     2 ||     9
   Stab: Sleeping          |     1 |       |       |       |     1 |     1 ||     3
         Confused          |       |       |       |       |     6 |     2 ||     8
         Distracted        |       |       |       |       |     1 |       ||     1
 Armour: Skin              |    58 |   130 |   215 |   322 |   963 |   570 ||  2258
  Dodge: Dodged            |    40 |   108 |   135 |   219 |   428 |   176 ||  1106
  Block: Kite shield       |       |       |       |   153 |   373 |       ||   526
   Form: Dragon            |       |       |       |       |     1 |     2 ||     3
                           |       |       |       |       |       |     2 ||     2

Table legend: (Time is in decaauts)
 A = Elapsed time spent in this place.
 B = Non-inter-level travel time spent in this place.
 C = Inter-level travel time spent in this place.
 D = Time resting spent in this place.
 E = Time spent auto-exploring this place.
 F = Levels seen in this place.
 G = Mean time per level.
                   A        B        C        D        E       F      G
               +--------+--------+--------+--------+--------+-----+--------+
         Total |  26195 |  24335 |   1860 |   1810 |  16727 |  28 |  935.5 |
       Dungeon |  15323 |  14080 |   1243 |    977 |  10209 |  15 | 1021.5 |
          Lair |   6985 |   6457 |    528 |    527 |   4224 |   5 | 1397.0 |
         Swamp |   2149 |   2097 |     52 |    159 |   1299 |   4 |  537.2 |
  Orcish Mines |   1238 |   1203 |     35 |     63 |    837 |   2 |  619.0 |
      Ice Cave |    210 |    210 |      0 |     76 |     15 |   1 |  210.0 |
      Gauntlet |    287 |    287 |      0 |      7 |    142 |   1 |  287.0 |
               +--------+--------+--------+--------+--------+-----+--------+

Top non-repeatable levels by time:
     D:5: 1803 daAuts
  Lair:5: 1751 daAuts
     D:8: 1658 daAuts
  Lair:3: 1535 daAuts
  Lair:4: 1384 daAuts
  Lair:2: 1322 daAuts
     D:6: 1147 daAuts
     D:4: 1133 daAuts
    D:10: 1045 daAuts
     D:3: 998 daAuts
  Lair:1: 990 daAuts
     D:2: 988 daAuts
    D:15: 978 daAuts
    D:12: 967 daAuts
     D:7: 943 daAuts
